 Dungeon Crawl Stone Soup version bcrawl-1.40.3b (webtiles) character file.

Game seed: 8961958342584190504

454338 foxfromabyss the Alchemist (level 16, 0/152 HPs)
             Began as a Merfolk Transmuter on Dec 12, 2023.
             Was an Initiate of Gozag.
             Slain by a will-o'-wisp (9 damage)
             ... while paralysed
             ... on level 1 of the Swamp.
             The game lasted 00:50:23 (28822 turns).

foxfromabyss the Alchemist (Merfolk Transmuter)    Turns: 28822, Time: 00:50:24

Health: 0/152      AC: 21    Str: 14    XL:     16   Next: 65%
Magic:  0/23       EV:  1    Int: 17    God:    Gozag
Gold:   2237       SH:  0    Dex: 19    Spells: 3/25 levels left

rFire    + + .     GDR:     30%   - Claws (30.0)
rCold    + + .     SeeInvis .   (shield currently unavailable)
rNeg     . . .     Gourm    .   (armour currently unavailable)
rPois    +         Faith    .   (helmet currently unavailable)
rElec    .         Spirit   +   (cloak currently unavailable)
rCorr    +         Reflect  .   (gloves currently unavailable)
MR       +....                  (boots currently unavailable)
Stlth    ++........             N - amulet of guardian spirit
HPRegen  0.35/turn              c - ring of protection from cold
MPRegen  0.18/turn              M - ring of protection from cold

@: paralysed, scorpion-form, gold aura, fainting, slowed
A: giant, (change form in water), (swift swim), (stealthy swim)
a: End Transformation, Potion Petition, Call Merchant, Bribe Branch, Renounce
Religion


You were on level 1 of the Swamp.
You worshipped Gozag.
Gozag was most pleased with you.
You were fainting.
You were a giant scorpion.
You visited 5 branches of the dungeon, and saw 21 of its levels.
You also visited: Ice Cave.

You collected 9595 gold pieces.
You spent 2625 gold pieces at shops.
You paid 4733 gold pieces to Gozag.

Inventory:

Hand Weapons
 G - the +10 hand axe of Premature Burial {vamp, rN+ Int+4, unknown}
   (You found it on level 10 of the Dungeon)

   It inflicts no extra harm, but heals its wielder when it wounds a living foe.
   It affects your intelligence (+4).
   It protects you from negative energy.
Missiles
 a - 4202 arrows
 U - a throwing net {=f}
Armour
 b - a +0 robe (melded)
 q - a +0 pair of gloves (melded)
 E - a +0 cloak (melded)
 L - a +1 helmet
Magical Staves
 z - an uncursed staff of poison (melded)
Jewellery
 c - a ring of protection from cold (left front leg)
 t - a +6 ring of dexterity
 A - an uncursed ring of wizardry
 F - an uncursed amulet of the acrobat
 J - an uncursed ring of protection from magic
 M - a ring of protection from cold (right front leg)
 N - an amulet of guardian spirit (around neck)
 X - an uncursed ring of insulation {unknown}
 Z - an uncursed amulet of the gourmand {unknown}
Wands
 l - a wand of iceblast (25)
 w - a wand of flame (66)
 y - a wand of polymorph (20)
 R - a wand of paralysis (17)
 W - a wand of random effects (23)
Scrolls
 g - 3 scrolls of noise
 h - a scroll of torment
 i - 4 scrolls of identify
 m - 5 scrolls of teleportation
 n - 3 scrolls of revelation
 o - 10 scrolls of remove curse
 p - 8 scrolls of enchant armour
 r - 5 scrolls of fog
 u - 8 scrolls of fear
 B - 3 scrolls of amnesia
 I - 4 scrolls of blinking
 K - 8 scrolls of enchant weapon
 S - a scroll of brand weapon
 T - a scroll of immolation
 Y - 2 scrolls of vulnerability
Potions
 d - 2 potions of lignification
 f - 3 potions of might {unknown}
 j - 6 potions of curing
 k - 4 potions of ambrosia {unknown}
 s - 10 potions of brilliance {unknown}
 v - 6 potions of heal wounds
 x - 3 potions of magic {unknown}
 C - a potion of degeneration {unknown}
 D - 2 potions of agility {unknown}
 O - 2 potions of flight {unknown}
 P - 5 potions of haste
 Q - a potion of cancellation
 V - 2 potions of invisibility
Miscellaneous
 H - a sack of spiders
Comestibles
 e - 32 rations {!d}


   Skills:
 + Level 11.7 Fighting
 + Level 12.3 Dodging
 - Level 1.2 Stealth
 + Level 12.6 Unarmed Combat
 - Level 5.0 Spellcasting
 - Level 20.0 Transmutations
 - Level 4.0 Ice Magic
 - Level 15.0 Poison Magic
 + Level 5.8 Evocations


You had 3 spell levels left.
You knew the following spells:

 Your Spells              Type           Power        Failure   Level  Hunger
a - Beastly Appendage     Tmut           ######       1%          1    None
b - Sticks to Snakes      Tmut           ######..     1%          2    None
c - Spider Form           Tmut/Pois      ###          1%          3    ###....
d - Ice Form              Ice/Tmut       #####...     5%          4    #####..
e - Blade Hands           Tmut           ######....   1%          5    ######.
f - Scorpion Form         Tmut/Pois      #######...   22%         7    #######

Your spell library contained the following spells:

 Spells                   Type           Power        Failure   Level  Hunger
 Passwall                 Tmut/Erth      #####...     3%          2    None
 Ignite Poison            Fire/Tmut/Pois ######..     3%          3    ###....
 Sting                    Conj/Pois      ####         4%          1    None
 Poisonous Vapours        Pois/Air       #####.       5%          2    None
 Mephitic Cloud           Conj/Pois/Air  ####....     16%         3    ###....
 Ensorcelled Hibernation  Hex/Ice        ##....       24%         2    None
 Flame Tongue             Conj/Fire      #....        32%         1    None
 Magic Dart               Conj           #...         32%         1    None
 Blink                    Tloc           N/A          43%         2    None
 Call Imp                 Summ           #.....       43%         2    None
 Flaming Arrows           Chrm/Fire      #.......     43%         2    None
 Call Canine Familiar     Summ           #.......     61%         3    ###....
 Conjure Flame            Conj/Fire      #.......     61%         3    ###....
 Inner Flame              Hex/Fire       N/A          61%         3    ###....
 Recall                   Summ/Tloc      N/A          61%         3    ###....
 Regeneration             Chrm/Necr      #.........   61%         3    ###....
 Olgreb's Toxic Radiance  Pois           ######...    2%          4    #####..
 Summon Scorpions         Summ/Pois      #####...     17%         4    #####..
 Venom Bolt               Conj/Pois      #####.....   38%         5    ######.
 Infestation              Hex/Tmut/Pois  ######...    38%         6    #######
 Summon Ice Beast         Ice/Summ       ##......     73%         4    #####..
 Animate Dead             Necr           N/A          92%         4    #####..
 Sticky Flame             Conj/Fire      #.......     92%         4    #####..
 Dispel Undead            Necr           #.......     99%         5    ######.
 Fireball                 Conj/Fire      #.........   99%         5    ######.
 Summon Mana Viper        Hex/Summ       #.......     99%         5    ######.
 Borgnjor's Vile Clutch   Necr/Erth      #.........   100%        6    #######
 Darkness                 Hex            #.........   100%        6    #######
 Death Channel            Chrm/Necr      #.........   100%        6    #######
 Simulacrum               Ice/Necr       ##......     100%        6    #######
 Summon Hydra             Summ           #.........   100%        6    #######
 Monstrous Menagerie      Summ           #.........   100%        7    #######
 Shadow Creatures         Summ           N/A          100%        7    #######
 Time Stop                Chrm/Tloc      N/A          100%        8    #######


Dungeon Overview and Level Annotations

Branches:
Dungeon (12/12)            Temple (1/1) D:4            Lair (6/6) D:8
  Swamp (1/3) Lair:3       Shoals (0/3) Lair:4        Slime (0/5) Orc
    Orc (1/1) D:10         Vaults (0/3) D:11         Forest (0/3) Lair:6
 Depths (0/5) D:12

Altars:
Ashenzari
Cheibriados
Dithmenos
Elyvilon
Fedhas
Gozag
Hepliaklqana
Kikubaaqudgha
Lugonu
Makhleb
Nemelex Xobeh
Okawaru
Qazlal
Ru
Sif Muna
Trog
Uskayaw
Vehumet
Wu Jian
Xom
Yredelemnul
Zin
The Shining One
Jiyva

Shops:
D:8 :   D:10 [   D:12 (   Orc [!*   Lair:1 =*:*

Portals:
Bazaar: D:12

Annotations:
D:10 3 runed translucent doors, Mehrunes's ghost, journeyman VSMo
Lair:4 exclusion: 2 oklob plants
Swamp:1 Roxanne


Message History

The will-o'-wisp is lightly damaged.
The will-o'-wisp barely misses you.
You closely miss the will-o'-wisp. Your stinger misses the will-o'-wisp.
The will-o'-wisp is lightly damaged.
The will-o'-wisp misses you.
You pinch the will-o'-wisp!
The will-o'-wisp is almost destroyed.
You lose consciousness!
The will-o'-wisp hits you but does no damage.
The will-o'-wisp hits you but does no damage. x2
The will-o'-wisp gives a chilling moan.
The will-o'-wisp hits you!
* * * LOW HITPOINT WARNING * * *
The will-o'-wisp shocks you!
* * * LOW HITPOINT WARNING * * *
The will-o'-wisp hits you.
* * * LOW HITPOINT WARNING * * *
The will-o'-wisp shocks you!
You die...
Your body crumbles into a pile of gold.

.≈≈≈≈.♣♣ ♣....≈≈≈..♣♣ .≈≈≈≈.≈♣
....≈≈≈$≈≈.≈♣ ≈≈≈≈≈.≈♣ ♣♣♣
♣.≈≈≈≈≈.≈≈..♣
≈≈≈≈≈.≈♣♣♣♣♣♣♣..♣♣.≈........≈♣
≈≈≈≈)≈.♣♣≈..≈≈≈...≈...≈≈≈≈.≈♣♣
..≈≈≈.....≈≈≈≈≈(.≈≈≈≈≈≈≈≈≈.♣♣
.≈≈≈≈....≈≈≈≈≈...≈≈≈≈≈≈≈≈≈..≈♣
≈≈≈≈≈≈≈≈≈≈≈..≈≈≈.≈≈≈♣≈≈≈≈..≈...≈♣
≈≈≈≈≈≈≈≈≈....≈≈≈sv≈≈≈$$..♣♣......
≈≈≈≈≈≈≈≈.≈..♣.≈≈.≈≈≈≈≈≈≈.≈≈≈≈..8.
≈≈≈≈.....≈♣♣♣...$...$.$....(.≈...
≈≈≈≈...§≈♣♣♣♣≈♣♣♣..≈...≈≈..≈≈....
≈≈..≈≈.≈≈...≈♣♣ ♣≈♣♣♣.≈≈≈≈≈≈..§.♣
≈≈..≈≈.≈≈≈≈≈♣♣ ♣.♣ ..≈≈≈≈≈.≈
≈≈.≈≈..≈≈≈.♣♣ ♣♣≈ ...≈≈≈≈.♣
≈≈.≈≈..≈≈≈.♣ ♣♣♣..≈≈≈..♣
≈.≈≈...≈≈≈.♣ ♣..≈≈..♣♣


You could see a will-o'-wisp.

Vanquished Creatures
  Frances (D:11)
  A deep elf death mage (D:11)
  A white draconian (IceCv)
  A fire dragon (D:12)
  Snorg (D:11)
  An ice dragon (D:12)
  11 hydras
  An anaconda (Lair:6)
  2 catoblepae (Lair:6)
  2 two-headed ogres
  8 death yaks
  3 orc high priests (Orc)
  A tengu warrior (D:9)
  A deep elf knight (D:11)
  3 centaur warriors
  14 spriggans
  8 skeletal warriors
  An unseen horror (D:12)
  2 deep elf archers (D:11)
  Pikel (D:7)
  2 wolf spider zombies
  5 orc knights
  4 orc sorcerers (Orc)
  2 wolf spiders
  2 cyclopes
  A lindwurm (Lair:3)
  2 deep elf magi (D:11)
  A manticore (D:8)
  5 ugly things
  7 will-o'-wisps (Swamp:1)
  7 elephants
  2 black mambas
  A merfolk siren (Lair:4)
  5 torpor snails
  An ice statue (IceCv)
  19 cane toads
  A gargoyle (D:12)
  8 komodo dragons
  3 rime drakes
  An efreet (D:12)
  Maurice (D:10)
  A harpy zombie (D:12)
  A tengu conjurer (D:11)
  5 trolls
  4 merfolk
  21 polar bears
  A harpy skeleton (D:12)
  5 hornets
  3 meliai (D:11)
  3 tyrant leeches
  4 hippogriffs
  3 slime creatures
  2 bog bodies (Swamp:1)
  14 dream sheep (Lair:6)
  20 blink frogs
  A vampire (D:11)
  4 wyverns
  83 yaks
  3 basilisks
  A wraith (D:10)
  Eustachio (D:7)
  7 vampire mosquitoes
  5 hungry ghosts
  Edmund (D:4)
  2 swamp worms
  2 wargs (Orc)
  2 acid dragons
  Duvessa (D:4)
  15 crocodiles
  8 water moccasins
  12 porcupines
  A hornet zombie (D:11)
  6 black bears
  15 orc warriors
  11 ice beasts
  3 sky beasts
  2 phantoms (D:5)
  A slave (D:7)
  8 ogres
  A necrophage (D:12)
  5 boggarts (Lair:6)
  49 wolves
  13 bullfrogs
  2 gnoll sergeants
  Dowan (D:4)
  11 centaurs
  2 water moccasin zombies
  2 troll zombies (D:10)
  5 scorpions
  5 killer bees
  8 wights
  2 electric eels (Lair:4)
  2 howler monkeys (D:7)
  18 orc priests
  3 crimson imps
  5 jellies
  A quasit (D:7)
  A bullfrog skeleton (D:8)
  2 bullfrog zombies
  20 orc wizards
  5 hounds
  3 iguanas
  Natasha (thrice) (D:4)
  7 worker ants
  A porcupine skeleton (D:9)
  6 ogre zombies (D:10)
  A hound zombie (D:6)
  2 howler monkey zombies (D:5)
  11 gnolls
  19 adders
  A howler monkey skeleton (D:7)
  3 shadow imps
  10 oozes
  An adder skeleton (D:8)
  2 adder zombies
  2 worms
  2 dart slugs
  5 leopard geckos
  79 orcs
  A ball python (D:3)
  3 giant cockroaches
  4 goblins
  11 hobgoblins
  10 jackals
  4 quokkas
  6 bats
  5 frilled lizards
  2 goblin skeletons (D:10)
  4 goblin zombies (D:10)
  A hobgoblin skeleton (D:10)
  6 hobgoblin zombies (D:10)
  10 kobolds
  3 orc skeletons (D:10)
  9 orc zombies (D:10)
  3 rats (D:2)
829 creatures vanquished.

Vanquished Creatures (others)
  2 dancing weapons (D:11)
  A troll (D:6)
  A slave (D:7)
  A wolf (Lair:6)
  A centaur (D:7)
  3 gnolls (D:7)
  A leopard gecko (D:5)
  29 fungi
  38 plants
  6 toadstools (D:4)
83 creatures vanquished.

Grand Total: 912 creatures vanquished

Notes
Turn   | Place    | Note
-------+----------+-------------------------------------------
     0 | D:1      | foxfromabyss the Merfolk Transmuter began the quest for the
                  | Orb.
     0 | D:1      | Reached XP level 1. HP: 15/15 MP: 3/3
   156 | D:1      | Reached XP level 2. HP: 10/21 MP: 5/5
   335 | D:1      | Reached skill level 3 in Transmutations
   963 | D:2      | Reached XP level 3. HP: 15/26 MP: 4/6
  1162 | D:2      | Learned a level 2 spell: Sticks to Snakes
  1166 | D:2      | Learned a level 3 spell: Spider Form
  1185 | D:2      | Reached XP level 4. HP: 29/32 MP: 5/7
  1248 | D:2      | Found a stormy altar of Qazlal.
  1636 | D:2      | Found a glowing golden altar of the Shining One.
  1760 | D:2      | Reached skill level 1 in Stealth
  2229 | D:3      | Reached XP level 5. HP: 32/37 MP: 3/9
  2732 | D:3      | Reached skill level 1 in Poison Magic
  2782 | D:3      | Found a snail-covered altar of Cheibriados.
  3110 | D:4      | Reached XP level 6. HP: 41/43 MP: 7/11
  3159 | D:4      | Reached skill level 4 in Transmutations
  3333 | D:4      | Reached skill level 5 in Transmutations
  3560 | D:4      | Noticed Edmund
  3576 | D:4      | Killed Edmund
  3577 | D:4      | Reached skill level 6 in Transmutations
  3577 | D:4      | Reached XP level 7. HP: 30/48 MP: 10/13
  3638 | D:4      | Got a heavily jewelled robe
  3647 | D:4      | Reached skill level 7 in Transmutations
  3649 | D:4      | Noticed Natasha
  3664 | D:4      | Killed Natasha
  3680 | D:4      | Identified the +1 robe of Noughts and Crosses {rF- rN+
                  | Str+4} (You found it on level 4 of the Dungeon)
  3787 | D:4      | Noticed Dowan
  3794 | D:4      | Noticed Duvessa
  3814 | D:4      | Killed Duvessa
  3815 | D:4      | Reached skill level 8 in Transmutations
  3823 | D:4      | Killed Dowan
  3824 | D:4      | Reached skill level 9 in Transmutations
  4086 | D:4      | Noticed Natasha
  4100 | D:4      | Killed Natasha
  4101 | D:4      | Reached XP level 8. HP: 32/54 MP: 14/14
  4693 | D:4      | Noticed Natasha
  4705 | D:4      | Killed Natasha
  4706 | D:4      | Reached skill level 10 in Transmutations
  4983 | D:4      | Found a staircase to the Ecumenical Temple.
  5158 | Temple   | Entered the Ecumenical Temple
  5389 | Temple   | Became a worshipper of Gozag Ym Sagoz the Greedy
  5436 | D:5      | Entered Level 5 of the Dungeon
  5486 | D:5      | Reached skill level 11 in Transmutations
  5491 | D:5      | Learned a level 4 spell: Ice Form
  5500 | D:5      | Got a faintly glowing gossamer ring
  5733 | D:5      | Reached skill level 12 in Transmutations
  5733 | D:5      | Reached skill level 1 in Ice Magic
  5786 | D:5      | Reached XP level 9. HP: 32/59 MP: 15/15
  6071 | D:5      | Found a radiant altar of Vehumet.
  6160 | D:5      | Found an ancient bone altar of Kikubaaqudgha.
  6470 | D:6      | Noticed a troll
  6489 | D:6      | Reached skill level 5 in Unarmed Combat
  6495 | D:6      | Killed a troll
  6663 | D:6      | Noticed a troll
  6689 | D:6      | Killed a troll
  6782 | D:6      | Identified the ring of Roarathreot {+Inv rElec rN+ Int-4}
                  | (You found it on level 5 of the Dungeon)
  7017 | D:6      | Reached skill level 5 in Dodging
  7085 | D:6      | Found an ornate altar of the Wu Jian Council.
  7165 | D:6      | Found a white marble altar of Elyvilon.
  7236 | D:6      | Found a basalt altar of Yredelemnul.
  7445 | D:7      | Noticed Pikel
  7460 | D:7      | Killed Pikel
  7461 | D:7      | Reached XP level 10. HP: 67/67 MP: 16/16
  7731 | D:7      | Noticed Eustachio
  7779 | D:7      | Killed Eustachio
  8057 | D:7      | Got a fading leather armour
  8063 | D:7      | Found a shattered altar of Ashenzari.
  8284 | D:8      | Reached skill level 10 in Unarmed Combat
  8399 | D:8      | Found Toockeg's Book Shop.
  8455 | D:7      | Identified the +3 leather armour of the Lily {*Drain +Blink
                  | rPois} (You found it on level 7 of the Dungeon)
  8697 | D:8      | Noticed a manticore
  8713 | D:8      | Killed a manticore
  8859 | D:8      | Found a staircase to the Lair.
  9379 | D:8      | Bought a book of Beasts for 825 gold pieces
  9693 | D:9      | Noticed a tengu warrior
  9708 | D:9      | Killed a tengu warrior
  9709 | D:9      | Reached XP level 11. HP: 50/76 MP: 9/17
  9984 | D:9      | Found a bloodstained altar of Trog.
  9984 | D:9      | Found a shimmering altar of Xom.
  9985 | D:9      | Found a hide-covered altar of Uskayaw.
 10015 | D:9      | Got a brightly glowing falchion
 10273 | D:9      | Got a blackened spear
 10405 | Lair:1   | Entered Level 1 of the Lair of Beasts
 10533 | Lair:1   | Reached skill level 5 in Fighting
 10941 | Lair:1   | Found a frozen archway.
 10976 | Lair:1   | Reached skill level 13 in Transmutations
 10994 | Lair:1   | Reached skill level 5 in Poison Magic
 11024 | IceCv    | Entered an ice cave
 11554 | IceCv    | Reached XP level 12. HP: 86/89 MP: 16/18
 11748 | IceCv    | Reached skill level 10 in Dodging
 11764 | IceCv    | Reached skill level 14 in Transmutations
 11923 | IceCv    | Noticed a white draconian
 12149 | IceCv    | Killed a white draconian
 13129 | Lair:2   | Reached skill level 15 in Transmutations
 13225 | Lair:2   | Reached XP level 13. HP: 101/101 MP: 17/19
 14388 | Lair:3   | Reached skill level 10 in Fighting
 14780 | Lair:3   | Learned a level 5 spell: Blade Hands
 14894 | Lair:3   | Reached skill level 10 in Poison Magic
 14965 | Lair:3   | Reached skill level 16 in Transmutations
 15682 | Lair:3   | Found a staircase to the Swamp.
 15839 | Lair:4   | Found a glowing silver altar of Zin.
 16068 | Lair:4   | Reached skill level 17 in Transmutations
 16295 | Lair:4   | Identified a scroll of acquirement
 16410 | Lair:4   | Reached XP level 14. HP: 110/110 MP: 20/20
 16899 | Lair:4   | Found a staircase to the Shoals.
 18148 | Lair:5   | Reached skill level 18 in Transmutations
 18314 | Lair:6   | Entered Level 6 of the Lair of Beasts
 18585 | Lair:6   | Reached skill level 5 in Spellcasting
 19044 | Lair:5   | Learned a level 7 spell: Scorpion Form
 19425 | Lair:6   | Found a staircase to the Spriggan Forest.
 19880 | Lair:6   | Reached skill level 19 in Transmutations
 19892 | Lair:6   | Reached XP level 15. HP: 104/115 MP: 18/22
 20093 | Lair:6   | HP: 5/138 [catoblepas (16)]
 20094 | Lair:6   | HP: 1/138 [catoblepas/blast of calcifying dust (4)]
 20099 | Lair:6   | HP: 2/138 [something/blast of calcifying dust (6)]
 21985 | Lair:1   | Identified the +0 pair of gloves of the Gusle {+Fly SInv}
                  | (You acquired it on level 1 of the Lair of Beasts)
 21985 | Lair:1   | Identified the Papyrus of the Flamy Glacier (You acquired
                  | it on level 1 of the Lair of Beasts)
 21998 | Lair:1   | Bought a ration for 70 gold pieces
 21998 | Lair:1   | Bought a ration for 70 gold pieces
 21998 | Lair:1   | Bought a ration for 70 gold pieces
 21998 | Lair:1   | Bought a ration for 70 gold pieces
 21998 | Lair:1   | Bought a ration for 70 gold pieces
 21998 | Lair:1   | Bought a ration for 70 gold pieces
 21998 | Lair:1   | Bought a ration for 70 gold pieces
 21998 | Lair:1   | Bought a ration for 70 gold pieces
 21998 | Lair:1   | Bought a ration for 70 gold pieces
 22066 | D:10     | Entered Level 10 of the Dungeon
 22066 | D:10     | Noticed Maurice
 22073 | D:10     | Killed Maurice
 22243 | D:10     | Found a staircase to the Orcish Mines.
 22348 | D:10     | Found Qeneu's Antique Armour Boutique.
 22363 | D:10     | Reached skill level 1 in Evocations
 22559 | D:10     | Got a transparent hand axe
 22917 | D:10     | Found a runed translucent gate.
 22918 | D:10     | Found a runed translucent gate.
 22919 | D:10     | Found a runed translucent gate.
 23124 | D:10     | Found a runed translucent gate.
 23124 | D:10     | Found a runed translucent gate.
 23127 | D:10     | Found a runed translucent gate.
 23131 | D:10     | Noticed Mehrunes's ghost (journeyman VSMo)
 23335 | D:11     | Noticed Frances
 23371 | D:11     | Killed Frances
 23601 | D:11     | Noticed Snorg
 23640 | D:11     | Killed Snorg
 23764 | D:11     | Found a gate to the Vaults.
 24414 | D:11     | Reached XP level 16. HP: 125/125 MP: 21/23
 24740 | D:12     | Entered Level 12 of the Dungeon
 24987 | D:12     | Reached skill level 5 in Evocations
 24991 | D:12     | Found a gateway to a bazaar.
 25193 | D:12     | Found Syubloutt's Antique Weapon Emporium.
 25396 | D:12     | Found a staircase to the Depths.
 25595 | Orc      | Entered the Orcish Mines
 25771 | Lair:1   | Bought a ration for 65 gold pieces
 25771 | Lair:1   | Bought a ration for 65 gold pieces
 25771 | Lair:1   | Bought a ration for 65 gold pieces
 25771 | Lair:1   | Bought a ration for 65 gold pieces
 25771 | Lair:1   | Bought a ration for 65 gold pieces
 25771 | Lair:1   | Bought a ration for 65 gold pieces
 26191 | Orc      | Found a staircase to the Slime Pits.
 26237 | Orc      | Found a viscous altar of Jiyva.
 27085 | Orc      | Found Xoimeffa's General Store.
 27101 | Orc      | Paralysed by an orc sorcerer for 2 turns
 27646 | Orc      | Found Xome's Food Shop.
 27647 | Orc      | Found Jyg Lugi's Distillery.
 27647 | Orc      | Found Yschib's Armour Shoppe.
 27669 | Orc      | Bought a potion of haste for 120 gold pieces
 27669 | Orc      | Bought a potion of heal wounds for 60 gold pieces
 27679 | Orc      | Bought a ration for 60 gold pieces
 27679 | Orc      | Bought a ration for 60 gold pieces
 27679 | Orc      | Bought a ration for 60 gold pieces
 27679 | Orc      | Bought a ration for 60 gold pieces
 27679 | Orc      | Bought a ration for 60 gold pieces
 27679 | Orc      | Bought a ration for 60 gold pieces
 27679 | Orc      | Bought a ration for 60 gold pieces
 27679 | Orc      | Bought a ration for 60 gold pieces
 27679 | Orc      | Bought a ration for 60 gold pieces
 27679 | Orc      | Bought a ration for 60 gold pieces
 27980 | Swamp:1  | Entered Level 1 of the Swamp
 28036 | Swamp:1  | Noticed Roxanne
 28287 | Swamp:1  | Reached skill level 20 in Transmutations
 28576 | Swamp:1  | Reached skill level 15 in Poison Magic
 28818 | Swamp:1  | Paralysed by fainting for 6 turns
 28822 | Swamp:1  | Slain by a will-o'-wisp

Skill      XL: |  1  2  3  4  5  6  7  8  9 10 11 12 13 14 15 16 |
---------------+-------------------------------------------------+-----
Transmutations | 3 6 9 12 13 15 17 19 20 | 20.0
Unarmed Combat | 4 9 11 12 | 12.6
Dodging        | 3 5 7 9 10 11 12 | 12.3
Stealth        | 1 |  1.2
Spellcasting   | 3 4 5 |  5.0
Poison Magic   | 1 2 6 8 11 13 14 15 | 15.0
Ice Magic      | 2 4 |  4.0
Fighting       | 2 3 6 9 10 11 | 11.7
Evocations     | 4 5 |  5.8

Action                   |  1- 3 |  4- 6 |  7- 9 | 10-12 | 13-15 | 16-18 || total
-------------------------+-------+-------+-------+-------+-------+-------++-------
Melee: Unarmed           |    67 |   178 |   358 |   651 |  1362 |   513 ||  3129
       Headbutt          |    14 |     1 |       |       |       |       ||    15
       Punch             |     3 |     1 |       |       |       |       ||     4
       Tailslap          |       |       |       |       |   157 |   133 ||   290
 Cast: Beastly Appendage |    20 |    10 |       |       |       |       ||    30
       Spider Form       |       |    25 |     3 |     2 |       |       ||    30
       Ice Form          |       |       |     2 |     2 |       |     2 ||     6
       Sticks to Snakes  |       |       |       |     1 |       |       ||     1
       Scorpion Form     |       |       |       |       |     1 |     2 ||     3
Invok: Potion Petition   |       |       |       |     1 |     2 |       ||     3
       Call Merchant     |       |       |       |       |     4 |     2 ||     6
 Abil: End Transformatio |       |       |     2 |     2 |     1 |     1 ||     6
Evoke: Wand              |       |       |       |       |       |     1 ||     1
  Use: Potion            |       |       |     2 |       |     2 |       ||     4
       Scroll            |       |       |       |     7 |    14 |     4 ||    25
 Stab: Sleeping          |     1 |     3 |     2 |     6 |     4 |     1 ||    17
       Distracted        |       |       |     3 |     3 |    16 |     6 ||    28
       Invisible         |       |       |     1 |       |     2 |       ||     3
       Petrified         |       |       |       |       |    11 |       ||    11
       Petrifying        |       |       |       |       |     1 |       ||     1
  Eat: Chunk             |     3 |    17 |     5 |     4 |       |       ||    29
       Ration            |       |       |     4 |     8 |    21 |     6 ||    39
Armor: Robe              |     8 |     6 |     1 |       |       |       ||    15
       Skin              |       |     1 |    31 |   150 |   299 |   238 ||   719
Dodge: Dodged            |    44 |    97 |   274 |   538 |   778 |   339 ||  2070
